cohdb
Replays
Latest Replays
All Replays
Popular Replays
Top Player Replays
Match Explorer
How It Works
Community
CoH3 Stats
Reddit
Sign in to upload your games and track your stats! →
Sign in with Steam
Match 42807493
Unlisted
Match 42807493
Overview
Messages
Build Orders
End
Pioneer Squad
Construct Infanterie Kompanie
Grenadier Squad
Grenadier Squad
GrW 34 Mortar Team
Construct Panzergrenadier Kompanie
Panzergrenadier Squad
Pak 40 Anti-tank Gun Team
MG 42 Machine Gun Team
Pioneer Squad
251 Medium Carrier
MG 42 Bunker
Construct Panzer Kompanie
Drink||Belzebuth
max 228
PATRIOT228
DeadPhoenix
MadMan
Zleg
0
0
Comments
sign in to comment!
No comments posted yet!